 Dungeon Crawl Stone Soup version 0.20.1-1-g8b1a95d (webtiles) character file.

249 Lorindel the Magician (level 5, -2/29 HPs)
             Began as a Deep Elf Conjurer on July 22, 2017.
             Slain by a bullfrog (7 damage)
             ... on level 4 of the Dungeon.
             The game lasted 00:17:01 (2603 turns).

Lorindel the Magician (Deep Elf Conjurer)           Turns: 2603, Time: 00:17:02

Health: -2/29      AC:  5    Str:  5    XL:     5   Next: 86%
Magic:  9/14       EV: 14    Int: 21    God:
Gold:   174        SH:  0    Dex: 15    Spells: 0/14 levels left

rFire    . . .     SeeInvis .   w - +1 dagger (venom)
rCold    . . .     Gourm    .   (no shield)
rNeg     . . .     Faith    .   l - +0 robe
rPois    .         Spirit   .   (no helmet)
rElec    .         Reflect  .   (no cloak)
rCorr    .         Harm     .   (no gloves)
MR       .....                  A - +2 pair of boots
Stlth    +.........             (no amulet)
Regen    0.1/turn               (no ring)
MPRegen  0.2/turn               (no ring)

@: confused, very slightly contaminated
A: no striking features
a: no special abilities


You were on level 4 of the Dungeon.
You were not hungry.

You visited 1 branch of the dungeon, and saw 4 of its levels.

You collected 174 gold pieces.

Inventory:

Hand Weapons
 k - a +0 whip
 t - a +2 short sword of draining
 w - a +1 dagger of venom (weapon)
 y - a +0 shortbow
Missiles
 g - 65 arrows
 j - 102 stones (quivered)
Armour
 l - a +0 robe (worn)
 A - a +2 pair of boots (worn)
Scrolls
 e - a scroll of remove curse
 u - a scroll of fear
 v - a scroll of teleportation
Potions
 h - a potion of mutation
 m - a potion of magic {unknown}
 n - a potion of heal wounds {unknown}
 o - a potion of resistance {unknown}
 p - 2 potions of lignification {unknown}
 q - 2 potions of ambrosia
 z - a potion of invisibility {unknown}
Books
 b - a book of Conjurations

   Spells                             Type                      Level
   a - Magic Dart                     Conjuration                  1
   b - Searing Ray                    Conjuration                  2
   c - Dazzling Spray                 Conjuration/Hexes            3
   d - Fulminant Prism                Conjuration/Hexes            4
   e - Force Lance                    Conjuration/Translocation    4
   f - Iskenderun's Mystic Blast      Conjuration                  4
Comestibles
 c - 2 bread rations
 f - 3 meat rations
 s - 3 royal jellies
 x - 5 chunks of flesh


   Skills:
 + Level 1.4 Fighting
 + Level 3.4 Dodging
 + Level 3.5 Stealth
 * Level 5.3 Spellcasting
 + Level 4.8 Conjurations
 + Level 1.6 Hexes
 + Level 1.6 Translocations


You couldn't memorise any spells.
You knew the following spells:

 Your Spells              Type           Power        Failure   Level  Hunger
a - Magic Dart            Conj           ####         1%          1    None
b - Searing Ray           Conj           ####..       2%          2    None
c - Dazzling Spray        Conj/Hex       ###...       9%          3    ##.....
d - Force Lance           Conj/Tloc      ###.....     26%         4    ####...
e - Iskenderun's Mystic   Conj           ####....     14%         4    ####...


Dungeon Overview and Level Annotations

Branches:
Dungeon (4/15)
 Temple: D:4-7

Altars:


Message History

Aim: a bullfrog (lightly wounded)
The spray of energy misses the bullfrog.
The bullfrog hits you. The bullfrog completely misses you.
Casting: Dazzling Spray
Confirm with . or Enter, or press ? or * to list all spells.
Aiming: Force Lance
Press: ? - help, Shift-Dir - straight line, f/p - bullfrog
Aim: a bullfrog (lightly wounded)
You miscast Force Lance.
You are very lightly contaminated with residual magic.
You are caught in a strong localised spatial distortion.
Ouch! That really hurt!
* * * LOW HITPOINT WARNING * * *
The bullfrog closely misses you.
It was a potion of ambrosia.
You are confused.
You feel invigorated. The bullfrog hits you.
* * * LOW HITPOINT WARNING * * *
The bullfrog hits you!
You die...

#.# #.##
#.# #.#
##.#
########.#
.....
.........#
#####
########.#
#.# #.###
#...#
#.#@#
#.#F#
#.#.#
#.#.#
#.#.#
....#
#####


You could see a bullfrog.

Vanquished Creatures
  An ogre (D:3)
  A worker ant (D:4)
  4 adders
  An ooze (D:1)
  2 worms (D:2)
  5 dart slugs
  A leopard gecko (D:3)
  10 bats
  5 giant cockroaches
  10 goblins
  10 hobgoblins
  3 jackals (D:2)
  15 kobolds
  A quokka (D:2)
  A frilled lizard (D:2)
  7 rats
77 creatures vanquished.

Notes
Turn   | Place    | Note
-------+----------+-------------------------------------------
     0 | D:1      | Lorindel the Deep Elf Conjurer began the quest for the Orb.
     0 | D:1      | Reached XP level 1. HP: 10/10 MP: 6/6
   384 | D:1      | Reached XP level 2. HP: 16/16 MP: 6/8
   499 | D:1      | Learned a level 2 spell: Searing Ray
   590 | D:1      | Reached skill level 1 in Fighting
   694 | D:1      | Reached XP level 3. HP: 17/20 MP: 8/10
   699 | D:1      | Learned a level 3 spell: Dazzling Spray
   912 | D:1      | Reached skill level 4 in Spellcasting
  1302 | D:2      | Reached XP level 4. HP: 21/25 MP: 3/12
  1311 | D:2      | Learned a level 4 spell: Force Lance
  2168 | D:3      | Reached skill level 1 in Translocations
  2217 | D:3      | Reached skill level 1 in Hexes
  2251 | D:3      | Noticed an ogre
  2258 | D:3      | Killed an ogre
  2258 | D:3      | Reached skill level 5 in Spellcasting
  2258 | D:3      | Reached XP level 5. HP: 13/29 MP: 5/14
  2265 | D:3      | Learned a level 4 spell: Iskenderun's Mystic Blast
  2603 | D:4      | Slain by a bullfrog

Skill      XL: |  1  2  3  4 |
---------------+-------------+-----
Fighting       | 1 |  1.4
Dodging        | 3 |  3.4
Spellcasting   | 4 5 |  5.3
Stealth        | 3 |  3.5
Translocations | 1 |  1.6
Hexes          | 1 |  1.6
Conjurations   | |  4.8

Action                   |  1- 3 |  4- 6 || total
-------------------------+-------+-------++-------
Melee: Short sword       |    59 |    23 ||    82
       Club              |     3 |       ||     3
       Dagger            |       |    46 ||    46
 Cast: Magic Dart        |    43 |    35 ||    78
       Dazzling Spray    |     1 |     5 ||     6
       Searing Ray       |     1 |     1 ||     2
       Iskenderun's Myst |       |     2 ||     2
  Use: Scroll            |     4 |     6 ||    10
       Potion            |       |     1 ||     1
 Stab: Sleeping          |     2 |     2 ||     4
       Distracted        |     1 |       ||     1
       Invisible         |       |     1 ||     1
  Eat: Bread ration      |     1 |       ||     1
       Chunk             |       |     2 ||     2
Armor: Robe              |     8 |    13 ||    21
Dodge: Dodged            |    49 |    51 ||   100
